 Dungeon Crawl Stone Soup version 0.21.0-3-g78d12a8bdd (webtiles) character file.

27612 Kalmarka777 the Unseen (level 13, -7/67 HPs)
             Began as a Spriggan Enchanter on Jan 10, 2018.
             Was the Champion of Okawaru.
             Killed from afar by a deep elf sorcerer (41 damage)
             ... with damnation
             ... on level 13 of the Dungeon on Jan 11, 2018.
             The game lasted 00:50:07 (14585 turns).

Kalmarka777 the Unseen (Spriggan Enchanter)        Turns: 14585, Time: 00:50:08

Health: -7/67      AC:  5    Str:  8    XL:     13   Next: 5%
Magic:  27/27      EV: 29    Int: 18    God:    Okawaru [******]
Gold:   866        SH:  0    Dex: 18    Spells: 14/31 levels left

rFire    . . .     SeeInvis +   o - +3 blowgun
rCold    . . .     Gourm    .   (shield restricted)
rNeg     + . .     Faith    .   y - +2 robe {rN+}
rPois    +         Spirit   .   N - +0 hat
rElec    .         Reflect  .   g - +0 cloak
rCorr    .         Harm     .   (gloves unavailable)
MR       +++..                  (boots unavailable)
Stlth    ++++++++..             (no amulet)
HPRegen  0.21/turn              i - +4 ring of evasion
MPRegen  0.20/turn              c - +2 ring of evasion

@: very slightly contaminated, very quick
A: very small, unfitting armour, see invisible, agile 1, herbivore, speed 3,
magic resistance 1, poison resistance, slow metabolism 2
a: Heroism, Finesse, Renounce Religion


You were on level 13 of the Dungeon.
You worshipped Okawaru.
Okawaru was exalted by your worship.
You were not hungry.

You visited 2 branches of the dungeon, and saw 14 of its levels.
You also visited: Sewer.

You collected 956 gold pieces.
You spent 90 gold pieces at shops.

Inventory:

Hand Weapons
 o - a +3 blowgun (weapon)
 F - the +6 fustibalus "Vonkif" {velocity, Int+2}
   (You found it on level 10 of the Dungeon)

   Any stone fired from it inflicts extra damage.
   It affects your intelligence (+2).
 H - a +7 quick blade
Missiles
 b - 8 needles of frenzy
 j - 3 throwing nets
 k - 59 poisoned needles (quivered)
Armour
 g - a +0 cloak (worn)
 y - a +2 robe of positive energy (worn)
 D - a +2 troll leather armour
 N - a +0 hat (worn)
Jewellery
 c - a +2 ring of evasion (right hand)
 i - a +4 ring of evasion (left hand)
 K - an uncursed ring of protection from fire
 P - an uncursed ring of wizardry
Wands
 t - a wand of flame (45)
 v - a wand of scattershot (11)
 A - a wand of disintegration (42)
 C - a wand of iceblast (7)
 Q - a wand of polymorph (16)
Scrolls
 a - a scroll of fog
 e - 8 scrolls of identify
 n - 3 scrolls of teleportation
 q - 3 scrolls of amnesia
 r - a scroll of blinking
 u - a scroll of magic mapping
 w - 2 scrolls of remove curse
Potions
 f - 6 potions of curing
 h - 2 potions of resistance
 l - 4 potions of flight
 m - a potion of heal wounds
 p - 2 potions of might
 x - 2 potions of cancellation
 z - 2 potions of agility
 B - a potion of invisibility
 G - 2 potions of berserk rage
 J - a potion of lignification {unknown}
Books
 s - a book of Misfortune

   Spells                             Type                      Level
   a - Confusing Touch                Hexes                        1
   b - Confuse                        Hexes                        3
   c - Gell's Gravitas                Translocation                3
   d - Petrify                        Transmutation/Earth          4
   e - Metabolic Englaciation         Hexes/Ice                    5
   f - Yara's Violent Unravelling     Hexes/Transmutation          5
Miscellaneous
 O - a fan of gales
Comestibles
 d - 18 rations


   Skills:
 * Level 7.5 Fighting
 + Level 8.1 Short Blades
 + Level 6.9 Dodging
 * Level 20.4 Stealth
 + Level 9.8 Spellcasting
 + Level 1.0 Conjurations
 + Level 9.3 Hexes
 + Level 4.1 Ice Magic


You had 14 spell levels left.
You knew the following spells:

 Your Spells              Type           Power        Failure   Level  Hunger
a - Corona                Hex            #####..      1%          1    None
b - Ensorcelled Hibernat  Hex/Ice        ####..       1%          2    None
c - Confuse               Hex            #####...     1%          3    None
d - Dazzling Spray        Conj/Hex       ####..       2%          3    None
e - Tukima's Dance        Hex            #####...     1%          3    None
f - Yara's Violent Unrav  Hex/Tmut       ####......   32%         5    #####..


Dungeon Overview and Level Annotations

Branches:
Dungeon (13/15)            Temple (1/1) D:4            Lair (0/6) D:8
    Orc (0/2) D:12
 Vaults: D:13-14

Altars:
Ashenzari
Cheibriados
Fedhas
Gozag
Hepliaklqana
Makhleb
Nemelex Xobeh
Okawaru
Qazlal
Ru
Sif Muna
Trog
Uskayaw
Vehumet
Wu Jian
Yredelemnul
Zin
The Shining One

Shops:
D:7 [   D:10 *

Portals:
Trove: D:11 (give +0 gold dragon scales)


Innate Abilities, Weirdness & Mutations

You are very small and have problems with some larger weapons.
You are too small for most types of armour.
You have supernaturally acute eyesight. (SInv)
You are a herbivore.
You cover ground extremely quickly.
You need consume almost no food.
You are agile. (Dex +2)
You are resistant to hostile enchantments. (MR+)
Your system is resistant to poisons. (rPois)


Message History

Firing (i - inventory. (,) - cycle):
k - 61 poisoned needles (quivered)
Press: ? - help, Shift-Dir - straight line, f - deep elf sorcerer
Aim: a deep elf sorcerer, wielding a short sword (fast)
You shoot a poisoned needle.
The poisoned needle misses the deep elf sorcerer.
You hear a splash.
Firing (i - inventory. (,) - cycle):
k - 60 poisoned needles (quivered)
Press: ? - help, Shift-Dir - straight line, f/p - deep elf sorcerer
Aim: a deep elf sorcerer, wielding a short sword (fast)
You shoot a poisoned needle.
The poisoned needle hits the deep elf sorcerer.
The deep elf sorcerer is poisoned.
The deep elf sorcerer gestures at you while chanting.
The sphere of damnation explodes!
The damnation engulfs you!
Ouch! That really hurt!
The deep elf sorcerer looks more healthy.
The deep elf sorcerer points at you and mumbles some strange words.
The sphere of damnation explodes!
The damnation engulfs you!
Ouch! That really hurt!
You die...

############ #...........#
#....##....# ##..........# ###
#.##.##.##.# #.######.#.# ≈≈#
#....##....# #.# #.#.#
#≈######'##'###### ##.# #.#.#
#≈#(.............####..######.#..
.≈#..####..####..#).#⌠...)..<.###
.≈#...N...e......#..'[..#######
.('.(####..####.@'.[#⌠..#
.≈#.........)....#..'...#
.≈#..####..####..#..#⌠.##
#≈#..............####..#
#≈######'##'###### #### ≈≈#
#....# ### ')##)' .#....#
########


You could see a deep elf sorcerer.

Vanquished Creatures
  Harold (D:11)
  Erolcha (D:11)
  2 hydras (D:12)
  Erica (D:8)
  2 two-headed ogres
  A centaur warrior (D:13)
  2 vampire magi (D:13)
  Urug (D:13)
  3 unseen horrors
  Pikel (D:8)
  4 deep elf magi (D:13)
  3 ugly things
  The ghost of ciphuk the Quickloader, a novice KoHu of Dithmenos (D:7)
  2 centaur zombies
  Psyche (D:8)
  2 gargoyles
  Maurice (D:13)
  4 naga magi (D:13)
  A yaktaur (shapeshifter) (D:11)
  3 trolls
  Prince Ribbit (D:5)
  2 hippogriffs
  Sigmund (D:4)
  Grum (D:9)
  3 wyverns
  13 yaks
  A steam dragon (D:11)
  A hungry ghost (D:12)
  A basilisk (D:13)
  An acid dragon (D:9)
  A water moccasin (D:10)
  A soldier ant (D:13)
  A porcupine (D:8)
  7 orc warriors
  4 sky beasts
  4 ice beasts
  3 black bears
  An eye of draining (D:12)
  A slave (D:8)
  2 ogres
  3 phantoms
  6 centaurs
  4 wolves
  4 crocodiles
  3 big kobolds
  7 bullfrogs
  A scorpion (D:9)
  4 killer bees (D:10)
  3 howler monkeys
  4 wights (D:9)
  6 crimson imps
  A bullfrog zombie (D:7)
  2 jellies
  9 hounds
  3 bullfrog skeletons
  5 orc priests
  19 orc wizards
  5 centaur skeletons
  3 iguanas
  6 worker ants
  3 hound zombies
  4 hound skeletons
  A mummy (D:8)
  A worker ant zombie (D:5)
  10 gnolls
  A river rat (Sewer)
  11 adders
  A shadow imp (D:11)
  An adder zombie (D:6)
  5 worms
  4 dart slugs
  10 leopard geckos
  52 orcs
  A ball python (D:5)
  3 giant cockroaches
  6 goblins
  5 hobgoblins
  22 jackals
  A quokka (shapeshifter) (D:9)
  3 quokkas
  11 bats
  6 frilled lizards
  A goblin zombie (D:8)
  A jackal zombie (D:8)
  8 kobolds
  A kobold zombie (D:8)
  A leopard gecko skeleton (D:4)
  2 quokka skeletons
  A quokka zombie (D:8)
  19 rats
381 creatures vanquished.

Vanquished Creatures (others)
  An orc wizard (D:13)
  A jackal (D:6)
  3 fungi (D:8)
5 creatures vanquished.

Grand Total: 386 creatures vanquished

Notes
Turn   | Place    | Note
-------+----------+-------------------------------------------
     0 | D:1      | Kalmarka777 the Spriggan Enchanter began the quest for the Orb.
     0 | D:1      | Reached XP level 1. HP: 9/9 MP: 5/5
   336 | D:1      | Reached XP level 2. HP: 12/13 MP: 6/6
   340 | D:1      | Learned a level 2 spell: Ensorcelled Hibernation
   531 | D:1      | Gained mutation: You possess an exceptional clarity of mind. [potion of mutation]
   531 | D:1      | Gained mutation: You are agile. (Dex +2) [potion of mutation]
   531 | D:1      | Gained mutation: Your system is resistant to poisons. (rPois) [potion of mutation]
   531 | D:1      | Gained mutation: You are resistant to hostile enchantments. (MR+) [potion of mutation]
   657 | D:1      | Reached skill level 5 in Stealth
  1060 | D:2      | Reached XP level 3. HP: 13/16 MP: 0/8
  1251 | D:2      | Learned a level 3 spell: Confuse
  1428 | D:2      | Reached skill level 6 in Stealth
  1428 | D:2      | Reached XP level 4. HP: 19/21 MP: 6/9
  1557 | D:2      | Found an ornate altar of the Wu Jian Council.
  1635 | D:2      | Found a burning altar of Makhleb.
  2160 | D:3      | Reached skill level 1 in Fighting
  2160 | D:3      | Reached XP level 5. HP: 18/25 MP: 7/10
  2399 | D:3      | Found a bloodstained altar of Trog.
  2788 | D:4      | Found Zin's Purification Station.
  2791 | D:4      | Found a glowing silver altar of Zin.
  2796 | D:4      | Bought a potion of curing for 90 gold pieces
  2846 | D:4      | Found a sparkling altar of Nemelex Xobeh.
  2855 | D:4      | Reached skill level 7 in Stealth
  3081 | D:4      | Reached skill level 1 in Ice Magic
  3101 | D:4      | Reached XP level 6. HP: 25/30 MP: 6/12
  3106 | D:4      | Learned a level 3 spell: Dazzling Spray
  3317 | D:3      | Reached skill level 8 in Stealth
  3500 | D:4      | Noticed Sigmund
  3508 | D:4      | Killed Sigmund
  3508 | D:4      | Reached XP level 7. HP: 35/35 MP: 13/13
  3537 | D:4      | Found a staircase to the Ecumenical Temple.
  3541 | Temple   | Entered the Ecumenical Temple
  3547 | Temple   | Became a worshipper of Warmaster Okawaru
  3612 | D:5      | Entered Level 5 of the Dungeon
  3656 | D:5      | Found a glowing drain.
  3667 | Sewer    | Entered a sewer
  3684 | Sewer    | Reached skill level 9 in Stealth
  3832 | Sewer    | Found a white marble altar of Elyvilon.
  3897 | D:5      | Learned a level 3 spell: Tukima's Dance
  4874 | D:5      | Noticed Prince Ribbit
  5269 | D:5      | Killed Prince Ribbit
  5398 | D:6      | Reached skill level 10 in Stealth
  5398 | D:6      | Reached skill level 5 in Hexes
  5398 | D:6      | Reached XP level 8. HP: 39/39 MP: 16/16
  5507 | D:6      | Reached * piety under Okawaru
  5507 | D:6      | Reached skill level 5 in Spellcasting
  5747 | D:6      | Reached skill level 11 in Stealth
  6331 | D:6      | Reached skill level 12 in Stealth
  6599 | D:6      | Reached ** piety under Okawaru
  6792 | D:7      | Noticed ciphuk's ghost (novice KoHu)
  6809 | D:7      | Killed ciphuk's ghost
  6809 | D:7      | Reached skill level 5 in Dodging
  6809 | D:7      | Reached XP level 9. HP: 44/44 MP: 15/18
  7043 | D:7      | Found a bloodstained altar of Trog.
  7245 | D:7      | Reached skill level 13 in Stealth
  7290 | D:7      | Found a sacrificial altar of Ru.
  7307 | D:7      | Found Nes Yckyi's Antique Armour Shop.
  7326 | D:7      | Reached *** piety under Okawaru
  7974 | D:8      | Learned a level 5 spell: Yara's Violent Unravelling
  8185 | D:8      | Reached skill level 5 in Short Blades
  8212 | D:8      | Reached skill level 14 in Stealth
  8240 | D:8      | Found a staircase to the Lair.
  8409 | D:8      | Noticed Psyche
  8418 | D:8      | Killed Psyche
  8418 | D:8      | Reached **** piety under Okawaru
  8418 | D:8      | Reached XP level 10. HP: 36/51 MP: 9/20
  8467 | D:8      | Noticed Pikel
  8529 | D:8      | Killed Pikel
  8529 | D:8      | Reached ***** piety under Okawaru
  8529 | D:8      | Received a gift from Okawaru
  8584 | D:8      | Noticed Erica
  8589 | D:8      | Killed Erica
  8589 | D:8      | Reached skill level 5 in Fighting
  8968 | D:9      | Found a hide-covered altar of Uskayaw.
  8972 | D:9      | Reached skill level 15 in Stealth
  9228 | D:9      | Received a gift from Okawaru
  9374 | D:9      | Found a radiant altar of Vehumet.
  9374 | D:9      | Found a hazy altar of Hepliaklqana.
  9660 | D:9      | Noticed Grum
 10009 | D:9      | Reached XP level 11. HP: 56/56 MP: 18/23
 10089 | D:9      | Killed Grum
 10089 | D:9      | Reached skill level 16 in Stealth
 10310 | D:10     | Entered Level 10 of the Dungeon
 10646 | D:10     | Got a slimy fustibalus
 10647 | D:10     | Identified the +6 fustibalus "Vonkif" {velocity, Int+2} (You found it on level 10 of the Dungeon)
 10689 | D:10     | Found Gemutorr's Goods Gallery.
 11058 | D:11     | Noticed a two-headed ogre
 11065 | D:11     | Killed a two-headed ogre
 11065 | D:11     | Received a gift from Okawaru
 11065 | D:11     | Reached skill level 17 in Stealth
 11145 | D:11     | Noticed Harold
 11305 | D:11     | Killed Harold
 11330 | D:11     | Noticed Erolcha
 11343 | D:11     | Killed Erolcha
 11460 | D:11     | Found a portal to a secret trove of treasure.
 11646 | D:11     | Found a deep blue altar of Sif Muna.
 11803 | D:12     | Noticed an unseen horror
 11902 | D:12     | Noticed a cyan ugly thing
 11945 | D:12     | Reached skill level 18 in Stealth
 12006 | D:12     | Killed a cyan ugly thing
 12039 | D:12     | Killed an unseen horror
 12039 | D:12     | Reached ****** piety under Okawaru
 12046 | D:12     | Noticed a two-headed ogre
 12213 | D:12     | Found a staircase to the Orcish Mines.
 12240 | D:12     | Noticed an unseen horror
 12258 | D:12     | Noticed a five-headed hydra
 12326 | D:12     | Killed an unseen horror
 12335 | D:12     | Noticed an eight-headed hydra
 12395 | D:12     | Killed an eight-headed hydra
 12395 | D:12     | Reached XP level 12. HP: 62/62 MP: 19/25
 12404 | D:12     | Killed a two-headed ogre
 12404 | D:12     | Received a gift from Okawaru
 12407 | D:12     | Got an ichor-stained rapier {god gift}
 12408 | D:12     | Identified the +1 rapier of Thoughtfulness {pierce, rC+} (Okawaru gifted it to you on level 12 of the Dungeon)
 12454 | D:12     | Reached skill level 1 in Conjurations
 12593 | D:12     | Killed a five-headed hydra
 12912 | D:13     | Found a snail-covered altar of Cheibriados.
 12917 | D:13     | Noticed Urug
 12967 | D:13     | Killed Urug
 13066 | D:13     | Received a gift from Okawaru
 13066 | D:13     | Reached skill level 19 in Stealth
 13098 | D:13     | Noticed Maurice
 13105 | D:13     | Noticed a centaur warrior
 13106 | D:13     | Killed Maurice
 13301 | D:13     | Killed a centaur warrior
 13522 | D:13     | Noticed a vampire mage
 13529 | D:13     | Killed a vampire mage
 13529 | D:13     | Reached skill level 20 in Stealth
 13537 | D:13     | Noticed a vampire mage
 14154 | D:13     | Got a jewelled falchion
 14155 | D:13     | Identified the +7 falchion of Misery {venom, *Contam Dex+5} (You found it on level 13 of the Dungeon)
 14309 | D:13     | Killed a vampire mage
 14309 | D:13     | Reached XP level 13. HP: 65/67 MP: 16/27
 14351 | D:13     | Lost mutation: You possess an exceptional clarity of mind. [mutagenic glow]
 14560 | D:13     | Found a deep blue altar of Sif Muna.
 14563 | D:13     | Noticed a deep elf sorcerer
 14585 | D:13     | Killed from afar by a deep elf sorcerer

Skill      XL: |  1  2  3  4  5  6  7  8  9 10 11 12 |
---------------+-------------------------------------+-----
Hexes          | 4 5 6 7 8 9 |  9.3
Stealth        | 5 6 7 8 10 12 14 15 18 20 | 20.4
Spellcasting   | 3 4 5 6 7 8 9 |  9.8
Fighting       | 1 2 3 4 5 6 7 |  7.5
Short Blades   | 2 3 4 5 6 8 |  8.1
Ice Magic      | 1 2 3 4 |  4.1
Dodging        | 4 5 6 |  6.9
Conjurations   | 1 |  1.0

Action                   |  1- 3 |  4- 6 |  7- 9 | 10-12 | 13-15 || total
-------------------------+-------+-------+-------+-------+-------++-------
Melee: Dagger            |    90 |   134 |   464 |   214 |       ||   902
       Quick blade       |       |       |       |   330 |     5 ||   335
       Falchion          |       |       |       |    12 |       ||    12
 Fire: Blowgun           |       |       |    12 |     8 |     7 ||    27
 Cast: Ensorcelled Hiber |    18 |    40 |    75 |    73 |     6 ||   212
       Confuse           |       |     1 |    13 |    45 |       ||    59
       Dazzling Spray    |       |       |    34 |    50 |     1 ||    85
  Use: Scroll            |     4 |     2 |     4 |     8 |       ||    18
       Potion            |     6 |     2 |     5 |     4 |       ||    17
 Stab: Sleeping          |    27 |    41 |    52 |    87 |     2 ||   209
       Confused          |       |     1 |     7 |    26 |       ||    34
       Invisible         |       |       |     5 |     8 |       ||    13
       Distracted        |       |       |     3 |     1 |       ||     4
       Petrifying        |       |       |       |     3 |       ||     3
       Paralysed         |       |       |       |     1 |       ||     1
  Eat: Ration            |       |     2 |     5 |     3 |       ||    10
Armor: Robe              |     8 |    10 |    19 |     6 |       ||    43
       Troll leather arm |       |       |       |     8 |       ||     8
Dodge: Dodged            |    71 |    92 |   398 |   309 |     6 ||   876
